 Dungeon Crawl Stone Soup version 0.19-a0-856-g54f7fbd (webtiles) character file.

79 Etesian the Covered (level 4, -1/28 HPs)
             Began as a Tengu Fighter on July 2, 2016.
             Killed by nerve-wracking pain
             ... invoked by Jessica
              (6 damage)
             ... on level 2 of the Dungeon.
             The game lasted 00:03:23 (1347 turns).

Etesian the Covered (Tengu Fighter)                 Turns: 1347, Time: 00:03:23

Health: -1/28      AC:  6    Str: 18    XL:     4   Next: 37%
Magic:  5/5        EV: 11    Int:  8    God:
Gold:   82         SH:  9    Dex: 13    Spells: 0 memorised, 3 levels left

rFire  . . .     SeeInvis .     a - +0 war axe
rCold  . . .     Gourm    .     b - +0 scale mail
rNeg   . . .     Faith    .     c - +0 shield
rPois  .         Spirit   .     (helmet restricted)
rElec  .         Dismiss  .     (no cloak)
rCorr  +         Reflect  .     (no gloves)
SustAt .         Harm     .     (boots unavailable)
MR     .....                    (no amulet)
Stlth  ..........               m - +4 ring of evasion
                                i - ring of resist corrosion

@: slowed, very slow, not resistant to hostile enchantments, extremely
unstealthy
A: beak, talons 3
a: no special abilities


You were on level 2 of the Dungeon.
You were not hungry.

You visited 1 branch of the dungeon, and saw 2 of its levels.

You collected 82 gold pieces.

Inventory:

Hand Weapons
 a - a +0 war axe (weapon)
Armour
 b - a +0 scale mail (worn)
 c - a +0 shield (worn)
Jewellery
 i - a ring of resist corrosion (left hand)
 m - a +4 ring of evasion (right hand)
Scrolls
 e - 2 scrolls of magic mapping
 l - a scroll of blinking
Potions
 d - a potion of might
 j - a potion of cure mutation
Comestibles
 f - a bread ration
 g - 4 fruits
 h - a meat ration
 k - 2 chunks of flesh


   Skills:
 + Level 3.6 Fighting
 * Level 3.4 Axes
 + Level 3.6 Armour
 + Level 3.5 Shields


You had 3 spell levels left.
You didn't know any spells.

Dungeon Overview and Level Annotations

Branches:
Dungeon (2/15)

Altars:

Annotations:
D:2 Jessica


Innate Abilities, Weirdness & Mutations

You have a beak for a mouth.
You have claws for feet.


Message History

You feel yourself slow down. You block Jessica's attack. x2
You barely miss Jessica. You block Jessica's attack. x2
You closely miss Jessica. You claw Jessica, but do no damage.
Jessica casts a spell at you. Pain shoots through your body!
Jessica drinks a potion.
Jessica seems to speed up.
You closely miss Jessica. Your kick misses Jessica. Your peck misses Jessica.
Jessica hits you but does no damage. Jessica hits you with a club.
Jessica hits you but does no damage.
You take 12 damage, and have 16/28 hp.
MASSIVE DAMAGE!!
You barely miss Jessica. You claw Jessica. You peck Jessica, but do no damage.
Jessica is lightly wounded.
Jessica completely misses you.
Jessica points at you and mumbles some strange words.
Pain shoots through your body!
* * * LOW HITPOINT WARNING * * *
Jessica points at you and mumbles some strange words.
Pain shoots through your body!
You die...

#.....^.#... .##
...#....#... .. ... ..
#.....#... . ... #.
##..#..##'# . #.#..
##.......... #.
#...###...##......
#.##.#.....#.#####...
#...@..####..#####...
#...@................
#.##........####...##
#.#................##
###.#.....(.....######
#..............##
#.............##
#........>....#
######........#
###........#


You could see Jessica.

Vanquished Creatures
  Natasha (D:2)
  An adder (D:2)
  An ooze (D:1)
  A worm (D:2)
  A dart slug (D:1)
  A giant gecko (D:2)
  4 bats
  3 giant cockroaches
  4 goblins
  6 hobgoblins
  A quokka (D:2)
  6 giant newts
  5 rats
35 creatures vanquished.

Notes
Turn   | Place    | Note
-------+----------+-------------------------------------------
     0 | D:1      | Etesian the Tengu Fighter began the quest for the Orb.
     0 | D:1      | Reached XP level 1. HP: 14/14 MP: 2/2
   148 | D:1      | Reached XP level 2. HP: 19/19 MP: 3/3
   596 | D:1      | Reached XP level 3. HP: 23/23 MP: 4/4
  1243 | D:2      | Noticed Natasha
  1249 | D:2      | Killed Natasha
  1249 | D:2      | Reached XP level 4. HP: 23/28 MP: 5/5
  1340 | D:2      | Noticed Jessica
  1347 | D:2      | Killed from afar by Jessica

Vault maps used:
D:1:      dpeg_arrival_orchard, roderic_filled_cross, minmay_liquid_box,
          dk_noncrumbling_4
D:2:      first_bread, nrook_mini_vaults, uniq_jessica, uniq_natasha

Skill      XL: |  1  2  3 |
---------------+----------+-----
Axes           | 3 |  3.4
Fighting       | |  3.6
Armour         | |  3.6
Shields        | |  3.5

Action                   |  1- 3 |  4- 6 || total
-------------------------+-------+-------++-------
Melee: War axe           |    88 |     5 ||    93
       Kick              |    16 |     2 ||    18
       Peck              |    12 |     1 ||    13
  Use: Scroll            |     5 |       ||     5
  Eat: Chunk             |     1 |     1 ||     2
Armor: Scale mail        |    36 |     2 ||    38
Dodge: Dodged            |    24 |     2 ||    26
Block: Shield            |    44 |     4 ||    48
